AoeStats
← Pendergast

Black Forest

506304757Analyzed
3v3 RM · 18d ago on Sep 13, 2026· 42m 25s· 6 players
Game mode
Random Map
Map size
Normal (6 player)
Population
200
Speed
Normal
Resources
Standard
Victory
Conquest
Starting age
Dark Age
Ending age
Imperial Age
RankedLock teamsTeams togetherTeam positionsShared explorationLock speedFull tech treeHidden civsTurbo modeCheats
Victory
Defeat
🇵🇪 Saracens · Peru
825
+14
🇵🇪 Britons · Peru
825
+14
🇵🇪 Persians · Peru
824
+14
🇩🇪 Inca · Germany
786
-14
🇲🇽 Teutons · Mexico
782
-14
🇨🇴 Armenians · Colombia
782
-14
Addeos
14:26 Feudal Age
15:36 Double-Bit Axe
18:25 Gold Mining
21:43 Castle Age
23:27 Wheelbarrow
23:00 Man-at-Arms
25:29 Horse Collar
27:01 Gambesons
29:42 Bow Saw
31:48 Long Swordsman
35:34 Imperial Age
33:14 Fletching
35:54 Onager
37:27 Onager
38:51 Gold Shaft Mining
41:17 Pikeman
Slidhane
11:32 Feudal Age
12:06 Double-Bit Axe
13:31 Horse Collar
16:39 Wheelbarrow
21:25 Castle Age
22:28 Bow Saw
25:47 Hand Cart
25:19 Town Watch
27:27 Town Patrol
27:45 Pikeman
28:25 Gold Mining
29:10 Loom
30:53 Heavy Plow
36:13 Bloodlines
39:08 Imperial Age
37:01 Squires
36:47 Arson
37:33 Stone Mining
39:09 Scale Barding Armor
39:19 Cavalier
40:23 Chain Barding Armor
40:59 Paladin
haumti
10:22 Feudal Age
11:09 Horse Collar
11:20 Double-Bit Axe
20:19 Castle Age
19:23 Arson
19:01 Champi Runner
20:21 Forging
20:11 Scale Mail Armor
22:08 Bow Saw
21:59 Heavy Plow
22:41 Wheelbarrow
25:25 Gold Mining
25:32 Stone Mining
26:19 Hand Cart
29:09 Gold Shaft Mining
29:10 Stone Shaft Mining
34:37 Champi Warrior
35:36 Chain Mail Armor
35:57 Iron Casting
39:52 Imperial Age
37:07 Loom
40:16 Elite Kamayuk
40:57 Andean Sling
40:58 Fabric Shields
41:20 Conscription
40:23 Elite Champi Warrior
Pendergast
0:44 Loom
13:18 Feudal Age
17:59 Castle Age
16:18 Double-Bit Axe
19:29 Bow Saw
19:29 Horse Collar
26:42 Coinage
28:44 Heavy Plow
29:02 Gold Mining
33:18 Imperial Age
30:35 Town Watch
31:25 Wheelbarrow
31:30 Ballistics
32:17 Gold Shaft Mining
31:51 Scale Barding Armor
31:55 Treadmill Crane
33:06 Chain Barding Armor
33:07 Masonry
34:27 Conscription
33:30 Elite Mameluke
34:31 Conscription
34:50 Plate Barding Armor
35:30 Chemistry
35:24 Hand Cart
35:46 Fletching
36:09 Forging
35:49 Fletching
39:52 Siege Engineers
39:43 Murder Holes
40:48 Iron Casting
40:09 Bodkin Arrow
41:46 Husbandry
41:57 Bloodlines
arzet!!!
0:33 Loom
13:08 Feudal Age
17:16 Horse Collar
19:48 Town Watch
23:49 Castle Age
24:17 Gold Mining
24:20 Stone Mining
24:47 Scale Barding Armor
24:55 Husbandry
25:07 Heavy Plow
27:38 Bloodlines
29:12 Gold Shaft Mining
29:14 Stone Shaft Mining
30:44 Town Patrol
34:35 Imperial Age
32:28 Double-Bit Axe
33:10 Chain Barding Armor
33:12 Forging
32:44 Light Cavalry
35:41 Conscription
35:33 Citadels
36:47 Wheelbarrow
36:02 Cavalier
37:45 Crop Rotation
37:42 Bow Saw
39:12 Hand Cart
40:20 Elite War Elephant
Quepex
0:27 Loom
12:45 Feudal Age
13:16 Double-Bit Axe
15:07 Wheelbarrow
15:12 Horse Collar
22:03 Castle Age
20:46 Gold Mining
21:01 Stone Mining
31:05 Imperial Age
30:07 Gold Shaft Mining
30:46 Bow Saw
33:35 Hand Cart
36:04 Fletching
36:15 Padded Archer Armor
38:25 Bodkin Arrow
38:46 Leather Archer Armor
38:42 Forging
38:57 Capped Ram
40:55 Two-Man Saw
40:27 Heavy Plow
40:58 Bracer
41:29 Ring Archer Armor
41:34 Iron Casting
41:57 Scale Mail Armor
Connection lost

Rejoining the realm…

Still unreachable

The connection could not be restored.

Session expired

The server has moved on; the page needs a fresh start.